 Dungeon Crawl Stone Soup version 0.21-a0-552-g593960d (webtiles) character file.

11 tidbits the Magician (level 2, 15/20 HPs)
             Began as a Gnoll Wanderer on Dec 17, 2017.
             Quit the game on level 1 of the Dungeon.
             The game lasted 00:01:47 (149 turns).

tidbits the Magician (Gnoll Wanderer)                Turns: 149, Time: 00:01:48

Health: 15/20      AC:  6    Str: 11    XL:     2   Next: 25%
Magic:  4/10       EV: 10    Int: 17    God:
Gold:   6          SH:  0    Dex: 14    Spells: 10/15 levels left

rFire    . . .     SeeInvis .   d - +0 dagger
rCold    . . .     Gourm    .   (no shield)
rNeg     . . .     Faith    .   b - +0 ring mail
rPois    .         Spirit   .   (no helmet)
rElec    .         Reflect  .   (no cloak)
rCorr    .         Harm     .   (no gloves)
MR       .....                  (no boots)
Stlth    +.........             (no amulet)
HPRegen  0.06/turn              (no ring)
MPRegen  0.12/turn              (no ring)

@: no status effects
A: distributed training, fangs 1, strong nose
a: no special abilities


You were on level 1 of the Dungeon.
You were not hungry.

You visited 1 branch of the dungeon, and saw 1 of its levels.

You collected 6 gold pieces.

Inventory:

Hand Weapons
 d - a +0 dagger (weapon)
 h - a +0 dagger
Missiles
 g - 13 stones (quivered)
Armour
 b - a +0 ring mail (worn)
 i - a +0 buckler
Scrolls
 e - a scroll of noise {unknown}
Books
 a - a book of Minor Magic

   Spells                             Type                      Level
   a - Magic Dart                     Conjuration                  1
   b - Blink                          Translocation                2
   c - Call Imp                       Summoning                    2
   d - Slow                           Hexes                        2
   e - Conjure Flame                  Conjuration/Fire             3
   f - Mephitic Cloud                 Conjuration/Poison/Air       3
 c - Vehumet's Almanac of Confrontation

   Spells                             Type                      Level
   a - Magic Dart                     Conjuration                  1
   b - Dazzling Spray                 Conjuration/Hexes            3
Comestibles
 f - a bread ration


   Skills:
 + Level 0.3 Fighting
 + Level 0.3 Short Blades
 + Level 0.3 Long Blades
 + Level 0.3 Axes
 + Level 0.3 Maces & Flails
 + Level 0.3 Polearms
 + Level 0.3 Staves
 + Level 0.3 Slings
 + Level 0.3 Bows
 + Level 0.3 Crossbows
 + Level 0.3 Throwing
 + Level 6.4 Armour
 + Level 0.3 Dodging
 + Level 0.3 Stealth
 + Level 0.3 Shields
 + Level 0.3 Unarmed Combat
 + Level 7.1 Spellcasting
 + Level 3.7 Conjurations
 + Level 0.2 Hexes
 + Level 0.2 Charms
 + Level 0.2 Summonings
 + Level 0.2 Necromancy
 + Level 0.2 Translocations
 + Level 0.2 Transmutations
 + Level 0.2 Fire Magic
 + Level 0.2 Ice Magic
 + Level 0.2 Air Magic
 + Level 0.2 Earth Magic
 + Level 0.2 Poison Magic
 + Level 0.4 Invocations
 + Level 4.4 Evocations


You had 10 spell levels left.
You knew the following spells:

 Your Spells              Type           Power        Failure   Level  Hunger
a - Magic Dart            Conj           ###.         5%          1    None
b - Blink                 Tloc           N/A          32%         2    None
i - Call Imp              Summ           #.......     32%         2    None


Dungeon Overview and Level Annotations

Branches:
Dungeon (1/15)

Altars:


Innate Abilities, Weirdness & Mutations

Your experience applies equally to all skills.
You have very sharp teeth.
Your uncanny sense of smell can sniff out nearby items.


Message History

Confirm with . or Enter, or press ? or * to list all spells.
Aiming: Magic Dart
Press: ? - help, Shift-Dir - straight line, f/p - ooze
Aim: an ooze (lightly wounded)
You miscast Magic Dart.
Your skin tingles.
The ooze hits you.
Casting: Magic Dart
Confirm with . or Enter, or press ? or * to list all spells.
Aiming: Magic Dart
Press: ? - help, Shift-Dir - straight line, f/p - ooze
Aim: an ooze (lightly wounded)
The magic dart hits the ooze.
The ooze is lightly wounded.
The ooze hits you.
Casting: Magic Dart
Confirm with . or Enter, or press ? or * to list all spells.
Aiming: Magic Dart
Press: ? - help, Shift-Dir - straight line, f/p - ooze
Aim: an ooze (lightly wounded)
The magic dart hits the ooze.
The ooze is moderately wounded.
The ooze hits you but does no damage.
Casting: Magic Dart
Confirm with . or Enter, or press ? or * to list all spells.
Aiming: Magic Dart
Press: ? - help, Shift-Dir - straight line, f/p - ooze
Aim: an ooze (moderately wounded)
The magic dart hits the ooze.
The ooze is severely wounded.
The ooze barely misses you.
Casting: Magic Dart
Confirm with . or Enter, or press ? or * to list all spells.
Aiming: Magic Dart
Press: ? - help, Shift-Dir - straight line, f/p - ooze
Aim: an ooze (severely wounded)
The magic dart hits the ooze.
The ooze is severely wounded.
The ooze barely misses you.
You hit the ooze. You bite the ooze, but do no damage.
The ooze is almost dead.
The ooze closely misses you.
You barely miss the ooze. You bite the ooze, but do no damage.
The ooze is almost dead.
The ooze closely misses you.
You hit the ooze but do no damage.
The ooze is almost dead.
The ooze hits you.
You hit the ooze.
You kill the ooze!
You have reached level 2!
Memorise Call Imp, consuming 2 spell levels and leaving 12?
You start memorising the spell.
You continue memorising. x2
You finish memorising.
Spell assigned to 'C'.
Adjust (i)tems, (s)pells, or (a)bilities?
Adjust which spell?
C - Call Imp Adjust to which letter? i - Call Imp Memorise Blink, consuming 2 spell levels and leaving 10?
You start memorising the spell.
You continue memorising. x2
You finish memorising.
Spell assigned to 'b'.
You open the door.
There is an open door here.
You open the door.
There is an open door here.
Your magical contamination has completely faded away.
There is an open door here.
You see here a bat corpse.
A kobold comes into view. It is wielding a dagger.
The kobold shouts!
The kobold throws a stone.
The stone hits you but does no damage.
You see here a stone.
A kobold comes into view. It is wielding a dagger.
Casting: Magic Dart
Confirm with . or Enter, or press ? or * to list all spells.
Aiming: Magic Dart
Press: ? - help, Shift-Dir - straight line, f - kobold
Aim: a kobold, wielding a dagger The magic dart hits the kobold.
You kill the kobold!
The kobold shouts!
Casting: Magic Dart
Confirm with . or Enter, or press ? or * to list all spells.
Aiming: Magic Dart
Press: ? - help, Shift-Dir - straight line, f - kobold
Aim: a kobold, wielding a dagger The magic dart hits the kobold.
The kobold is severely wounded.
Casting: Magic Dart
Confirm with . or Enter, or press ? or * to list all spells.
Aiming: Magic Dart
Press: ? - help, Shift-Dir - straight line, f/p - kobold
Aim: a kobold, wielding a dagger (severely wounded)
The magic dart hits the kobold.
The kobold is severely wounded.
You hit the kobold.
You kill the kobold!
Items here: )) †† a dagger x2; a kobold corpse x2
Are you sure you want to abandon this character and quit the game? (Confirm with "yes".)

#............#####.##..
########.##..# #.##..
#####..#####.##..
#.(.†........##..
#.###..##........
###)#.#...#.##.###.
#.#.#.....# #......
#.#.#.#.#.###.####.
#.@...........# #.
#####.....###.# ##
#.##.## ### #.....#
######


There were no monsters in sight!

Vanquished Creatures
  An ooze (D:1)
  2 hobgoblins (D:1)
  A bat (D:1)
  A goblin (D:1)
  2 kobolds (D:1)
7 creatures vanquished.

Notes
Turn   | Place    | Note
-------+----------+-------------------------------------------
     0 | D:1      | tidbits the Gnoll Wanderer began the quest for the Orb.
     0 | D:1      | tidbits set off with: a book of Minor Magic, a +0 ring mail, Vehumet's Almanac of Confrontation, a +0 dagger, a bread ration
     0 | D:1      | Reached XP level 1. HP: 13/13 MP: 8/8
     0 | D:1      | Identified Vehumet's Almanac of Confrontation
     4 | D:1      | Learned a level 1 spell: Magic Dart
    92 | D:1      | Reached XP level 2. HP: 11/19 MP: 0/10
    96 | D:1      | Learned a level 2 spell: Call Imp
   105 | D:1      | Learned a level 2 spell: Blink
   149 | D:1      | Quit the game

Vault maps used:
D:1:      dpeg_arrival_rhombi, minmay_misc_feat_more_columns, minmay_door_square

Action                   || total
-------------------------++-------
Melee: Dagger            ||     6
       Bite              ||     2
 Cast: Magic Dart        ||    13
Armor: Ring mail         ||     2
Dodge: Dodged            ||     4

Table legend:
 A = Spawn XP
 B = Non-spawn XP
 C = Spawn XP percentage of total XP
 D = Spawn monster count
 E = Non-spawn monster count
 F = Spawn count percentage of total count
 G = Total turns spent on level
                    A         B        C        D         E        F      G
               +---------+---------+-------+---------+---------+-------+---------
         Total |       0 |      16 |   0.0 |       0 |       7 |   0.0 |   149
               +---------+---------+-------+---------+---------+-------+---------
           D:1 |       0 |      16 |   0.0 |       0 |       7 |   0.0 |   149
               +---------+---------+-------+---------+---------+-------+---------

Table legend:
 A = Turns spent in this place as a percentage of turns spent in the entire game.
 B = Non-inter-level travel turns spent in this place as a percentage of non-inter-level travel turns spent in the entire game.
 C = Inter-level travel turns spent in this place as a percentage of turns spent in this place.
 D = Turns resting spent in this place as a percentage of non-inter-level travel turns spent in this place.
 E = Turns spent auto-exploring this place as a percentage of non-inter-level travel turns spent in this place.
 F = Non-inter-level travel turns spent in this place divided by the number of levels of this place that you've seen.
                   A       B       C       D       E      F
               +-------+-------+-------+-------+-------+----------------------
         Total | 100.0 | 100.0 |   0.0 |   0.0 |   0.0 | 149.0
       Dungeon | 100.0 | 100.0 |   0.0 |   0.0 |   0.0 | 149.0
               +-------+-------+-------+-------+-------+----------------------

Table legend:
 A = Kills in this place as a percentage of kills in entire the game.
 B = Kills by you in this place as a percentage of kills by you in the entire game.
 C = Kills by friends in this place as a percentage of kills by friends in the entire game.
 D = Other kills in this place as a percentage of other kills in the entire game.
 E = Experience gained in this place as a percentage of experience gained in the entire game.
 F = Experience gained in this place divided by the number of levels of this place that you have seen.
                   A       B       C       D       E      F
               +-------+-------+-------+-------+-------+----------------------
         Total | 100.0 | 100.0 |   N/A |   N/A | 100.0 |  16.0
       Dungeon | 100.0 | 100.0 |   N/A |   N/A | 100.0 |  16.0
               +-------+-------+-------+-------+-------+----------------------

Vault maps used:
D:1:      dpeg_arrival_rhombi, minmay_misc_feat_more_columns, minmay_door_square
